AoeStats
← Blyad _Mann

Black Forest

510110824Analyzed
4v4 RM · 2d ago on Sep 29, 2026· 46m 22s· 8 players
Game mode
Random Map
Map size
Large (8 player)
Population
200
Speed
Normal
Resources
Standard
Victory
Conquest
Starting age
Dark Age
Ending age
Imperial Age
RankedLock teamsTeams togetherTeam positionsShared explorationLock speedFull tech treeHidden civsTurbo modeCheats
Victory
Defeat
🇩🇪 Saxons · Germany
978
+13
🇳🇱 Varangians · Netherlands
938
+14
🇬🇧 Georgians · United Kingdom
914
+15
🇷🇴 Japanese · Romania
895
+16
🇨🇿 Japanese · Czechia
1001
-19
🇨🇳 Danes · China
937
-16
🇨🇳 Persians · China
895
-14
🇨🇳 Britons · China
764
-9
Blyad _Mann
0:29 Loom
13:35 Feudal Age
14:01 Double-Bit Axe
13:57 Horse Collar
19:22 Castle Age
17:46 Scale Mail Armor
18:01 Gold Mining
18:41 Stone Mining
20:35 Squires
24:05 Fletching
24:26 Forging
26:45 Wheelbarrow
26:49 Bow Saw
27:51 Forging
27:56 Chain Mail Armor
28:37 Arson
32:18 Imperial Age
29:52 Heavy Plow
30:36 Gambesons
31:48 Iron Casting
31:28 Chain Mail Armor
32:40 Gothikon
35:18 Hand Cart
35:39 Conscription
36:48 Blast Furnace
36:19 Plate Mail Armor
35:17 Elite Varangian Guard
36:50 Vendel Legacy
38:43 Scale Barding Armor
39:10 Bloodlines
39:01 Husbandry
38:23 Cavalier
39:43 Light Cavalry
44:31 Chain Barding Armor
Big Olaf
10:16 Feudal Age
10:51 Double-Bit Axe
10:47 Horse Collar
15:26 Loom
18:14 Castle Age
19:05 Bow Saw
23:28 Wheelbarrow
28:51 Imperial Age
26:51 Hand Cart
28:11 Forging
28:01 Scale Mail Armor
28:07 Heavy Plow
28:00 Gold Mining
28:02 Stone Mining
28:52 Man-at-Arms
31:09 Two-Man Saw
30:41 Crop Rotation
30:52 Gold Shaft Mining
30:40 Long Swordsman
31:23 Shield Wall
31:42 Two-Handed Swordsman
33:02 Iron Casting
32:43 Chain Mail Armor
32:16 Crossbowman
33:02 Thumb Ring
32:42 Champion
33:07 Gambesons
33:23 Squires
33:09 Arson
33:55 Capped Ram
35:35 Plate Mail Armor
35:33 Conscription
35:40 Ballistics
35:17 Arbalester
35:26 Siege Ram
36:33 Siege Engineers
37:02 Padded Archer Armor
36:52 Fletching
38:06 Chemistry
37:17 Masonry
36:48 Treadmill Crane
39:21 Leather Archer Armor
39:01 Bodkin Arrow
39:06 Arbalester
42:11 Bloodlines
42:01 Husbandry
43:36 Town Watch
47:24 Ring Archer Armor
46:54 Bracer
TheOther
1:13 Loom
10:48 Feudal Age
12:03 Wheelbarrow
11:17 Double-Bit Axe
11:18 Horse Collar
12:10 Man-at-Arms
14:10 Gold Mining
21:44 Castle Age
20:37 Stone Mining
20:42 Arson
21:03 Scale Mail Armor
22:38 Bow Saw
23:16 Gold Shaft Mining
22:53 Gambesons
26:10 Heavy Plow
28:47 Treadmill Crane
32:04 Imperial Age
29:13 Long Swordsman
29:57 Fletching
30:19 Forging
31:14 Squires
31:56 Ballistics
33:05 Redemption
34:56 Iron Casting
35:29 Chain Mail Armor
34:43 Two-Handed Swordsman
37:17 Chemistry
36:23 Siege Engineers
39:24 Blast Furnace
38:56 Plate Mail Armor
39:39 Kataparuto
39:38 Pikeman
41:39 Champion
41:43 Halberdier
41:45 Champion
46:02 Conscription
Horahlooks
Nech to G Bro
0:26 Loom
12:30 Feudal Age
17:31 Castle Age
16:17 Double-Bit Axe
16:16 Horse Collar
18:08 Forging
23:37 Heavy Plow
24:22 Bow Saw
26:10 Fletching
25:42 Man-at-Arms
26:08 Gambesons
26:23 Squires
26:16 Gambesons
26:31 Squires
28:38 Wheelbarrow
28:17 Scale Mail Armor
29:10 Bodkin Arrow
30:19 Ballistics
30:14 Masonry
29:55 Guard Tower
30:26 Chain Mail Armor
31:38 Hand Cart
31:16 Arson
31:12 Long Swordsman
35:49 Imperial Age
33:16 Treadmill Crane
34:23 Iron Casting
33:58 Yasama
34:07 Town Watch
34:51 Town Patrol
34:54 Padded Archer Armor
35:37 Caravan
36:34 Gold Mining
36:35 Stone Mining
38:07 Chemistry
37:42 Keep
38:10 Chemistry
longwei
12:22 Feudal Age
16:35 Castle Age
28:29 Masonry
34:21 Imperial Age
31:53 Gold Mining
34:32 Onager
38:35 Conscription
38:09 Siege Onager
40:47 Siege Onager
41:18 Elite Jomsviking
ksffvbh
0:35 Loom
15:24 Feudal Age
16:18 Feudal Age
18:15 Wheelbarrow
18:25 Double-Bit Axe
18:22 Horse Collar
18:38 Gold Mining
18:39 Stone Mining
19:00 Fletching
19:10 Padded Archer Armor
25:52 Castle Age
27:29 Hand Cart
28:50 Gold Shaft Mining
29:13 Gold Shaft Mining
28:56 Padded Archer Armor
28:51 Bodkin Arrow
29:28 Town Watch
29:46 Caravan
30:40 Bow Saw
30:33 Heavy Plow
36:08 Imperial Age
34:22 Town Patrol
35:25 Yeomen
36:38 Leather Archer Armor
36:52 Ballistics
36:13 Treadmill Crane
36:19 Treadmill Crane
37:53 Chemistry
37:17 Conscription
37:41 Elite Longbowman
38:30 Bracer
39:00 Ring Archer Armor
39:43 Siege Engineers
41:39 Two-Man Saw
41:35 Ring Archer Armor
41:45 Murder Holes
1972771585
0:43 Loom
10:00 Feudal Age
10:17 Horse Collar
10:25 Double-Bit Axe
18:00 Castle Age
19:08 Stone Mining
20:52 Bow Saw
21:30 Gold Mining
25:22 Heavy Plow
27:11 Wheelbarrow
27:10 Bow Saw
28:25 Caravan
28:46 Hand Cart
34:18 Imperial Age
32:43 Husbandry
32:53 Bloodlines
33:50 Forging
33:45 Scale Barding Armor
33:38 Murder Holes
34:04 Ballistics
35:08 Crop Rotation
36:15 Cavalier
37:17 Conscription
36:20 Elite War Elephant
37:36 Hoardings
37:16 Town Watch
38:23 Gold Shaft Mining
38:29 Stone Shaft Mining
38:14 Guilds
38:51 Masonry
39:41 Chemistry
39:09 Town Patrol
41:39 Coinage
40:43 Light Cavalry
42:11 Iron Casting
41:57 Chain Barding Armor
42:10 Architecture
41:21 Savar
44:03 Blast Furnace
45:00 Plate Barding Armor
Connection lost

Rejoining the realm…

Still unreachable

The connection could not be restored.

Session expired

The server has moved on; the page needs a fresh start.